 Dungeon Crawl Stone Soup version 0.20-a0-947-g2784f4f (webtiles) character file.

1739 Hybris the Basher (level 9, -5/57 HPs)
             Began as a Gargoyle Fighter on Apr 3, 2017.
             Was a Priest of Uskayaw.
             Killed by divine providence
             ... invoked by an orc priest
              (14 damage)
             ... on level 7 of the Dungeon.
             The game lasted 00:10:20 (5589 turns).

Hybris the Basher (Gargoyle Fighter)                Turns: 5589, Time: 00:10:21

Health: -5/57      AC: 14    Str: 24    XL:     9   Next: 5%
Magic:  6/12       EV:  5    Int: 13    God:    Uskayaw [***...]
Gold:   372        SH:  9    Dex:  9    Spells: 8/8 levels left

rFire    . . .     SeeInvis +   j - +2 whip (freeze)
rCold    . . .     Gourm    .   c - +0 shield
rNeg     + . .     Faith    .   b - +0 scale mail
rPois    ∞         Spirit   .   (no helmet)
rElec    +         Reflect  .   (no cloak)
rCorr    .         Harm     .   E - +1 pair of gloves
MR       .....                  (no boots)
Stlth    ..........             G - amulet of rage
Regen    0.2/turn               p - ring of see invisible
MPRegen  0.2/turn               H - -2 ring of evasion (curse)

@: brilliant, exhausted, slowed, very slow
A: negative energy resistance 1, electricity resistance, unbreathing,
petrification resistance, rot immunity, AC +5
a: Stomp, Line Pass, Renounce Religion, Evoke Berserk Rage


You were on level 7 of the Dungeon.
You worshipped Uskayaw.
Uskayaw was noncommittal.
You were not hungry.

You visited 1 branch of the dungeon, and saw 7 of its levels.

You collected 372 gold pieces.

Inventory:

Hand Weapons
 j - a +2 whip of freezing (weapon)
Armour
 b - a +0 scale mail (worn)
 c - a +0 shield (worn)
 E - a +1 pair of gloves (worn)
Jewellery
 p - a ring of see invisible (left hand)
 y - an uncursed ring of poison resistance
 G - an amulet of rage (around neck)
 H - a cursed -2 ring of evasion (right hand)
Wands
 o - a wand of flame (26/48)
 F - a wand of iceblast (10/15)
 L - a wand of confusion (26/48)
Scrolls
 a - 2 scrolls of enchant armour
 g - 5 scrolls of teleportation
 h - 5 scrolls of identify
 i - 2 scrolls of enchant weapon {unknown}
 k - 4 scrolls of remove curse
 s - 2 scrolls of fog {unknown}
 t - 2 scrolls of immolation
 w - a scroll of amnesia {unknown}
 x - a scroll of noise {unknown}
 C - a scroll of fear {unknown}
Potions
 d - a potion of might
 e - a potion of resistance {unknown}
 l - a potion of ambrosia {unknown}
 n - 2 potions of haste
 q - a potion of brilliance
 r - a potion of flight {unknown}
 v - a potion of invisibility {unknown}
 z - a potion of curing {unknown}
 B - a potion of cancellation {unknown}
 I - a potion of lignification {unknown}
 K - a potion of heal wounds {unknown}
Books
 m - a book of Changes

   Spells                             Type                      Level
   a - Beastly Appendage              Transmutation                1
   b - Sticks to Snakes               Transmutation                2
   c - Spider Form                    Transmutation/Poison         3
   d - Ice Form                       Ice/Transmutation            4
   e - Blade Hands                    Transmutation                5
 A - a book of Maledictions

   Spells                             Type                      Level
   a - Corona                         Hexes                        1
   b - Ensorcelled Hibernation        Hexes/Ice                    2
   c - Confuse                        Hexes                        3
   d - Tukima's Dance                 Hexes                        3
   e - Dazzling Spray                 Conjuration/Hexes            3
Comestibles
 f - 5 bread rations
 u - a royal jelly
 D - a fruit
 J - 3 chunks of flesh


   Skills:
 + Level 7.4 Fighting
 * Level 8.6 Maces & Flails
 - Level 3.2 Armour
 - Level 3.2 Shields
 + Level 4.6 Invocations


You had 8 spell levels left.
You didn't know any spells.

Dungeon Overview and Level Annotations

Branches:
Dungeon (7/15)
 Temple: D:4-7

Altars:
Elyvilon
Uskayaw
Vehumet
Zin

Shops:
D:6 :


Innate Abilities, Weirdness & Mutations

You are resistant to torment.
Your stone body is resilient. (AC +5)
You are immune to poison.
You resist negative energy. (rN+)
You are resistant to electric shocks. (rElec)
You can survive without breathing.
You are immune to petrification.
You are immune to rotting.


Message History

The crimson imp is no longer paralysed.
The crimson imp is no longer sharing its pain.
The crimson imp blinks!
You block the giant cockroach's attack.
Uskayaw will force your foes to share their pain.
Okay, then.
Aiming: Line Pass
Press: ? - help, Dir - move target cursor, f - giant cockroach
Aim: a giant cockroach (moderately wounded, clinging)
You can't stand on top of the monster!
Aiming: Line Pass
Press: ? - help, Dir - move target cursor, f - you, p - giant cockroach
Okay, then.
Okay, then.
You stomp with the beat, sending a shockwave through the revelers around you!
You kill the giant cockroach!
You feel somewhat more hungry.
The orc priest mumbles some strange prayers to Beogh against you.
Beogh smites you!
You die...

###### .....
########(.##..#
#....@(()......
#.##)####.####.
#so# .. #..#
..# #..# .#
.... .. ....#.
. ....#..
.....# ..


You could see an orc priest and a giant cockroach.

Vanquished Creatures
  Grinder (D:5)
  A water moccasin (D:5)
  An orc warrior (D:7)
  A phantom (D:4)
  2 black bears
  An ogre (D:5)
  Blork the orc (D:5)
  A bullfrog (D:6)
  A water moccasin skeleton (D:5)
  2 scorpions (D:5)
  3 crimson imps (D:5)
  A centaur skeleton (D:5)
  An orc priest (D:4)
  2 hounds
  An iguana (D:6)
  5 worker ants
  A killer bee zombie (D:5)
  A hound skeleton (D:5)
  A worker ant zombie (D:5)
  9 adders
  A howler monkey skeleton (D:6)
  2 oozes
  An adder skeleton (D:4)
  A worm (D:5)
  A dart slug (D:1)
  4 leopard geckos
  13 orcs
  7 giant cockroaches
  6 goblins
  4 hobgoblins
  17 jackals
  11 kobolds
  2 bats
  3 frilled lizards
  A leopard gecko zombie (D:5)
  A quokka skeleton (D:5)
  7 rats
119 creatures vanquished.

Vanquished Creatures (others)
  An ice beast (D:7)
  An orc priest (D:7)
  An adder (D:7)
3 creatures vanquished.

Grand Total: 122 creatures vanquished

Notes
Turn   | Place    | Note
-------+----------+-------------------------------------------
     0 | D:1      | Hybris the Gargoyle Fighter began the quest for the Orb.
     0 | D:1      | Reached XP level 1. HP: 14/14 MP: 1/1
    94 | D:1      | Reached XP level 2. HP: 18/19 MP: 2/2
   343 | D:1      | Reached XP level 3. HP: 22/24 MP: 3/3
  1096 | D:2      | Reached skill level 3 in Maces & Flails
  1415 | D:2      | Reached XP level 4. HP: 29/29 MP: 4/4
  2039 | D:3      | Found a hide-covered altar of Uskayaw.
  2427 | D:3      | Became a worshipper of Uskayaw the Reveler
  2503 | D:4      | Noticed a phantom
  2517 | D:4      | Reached * piety under Uskayaw
  2520 | D:4      | Reached ** piety under Uskayaw
  2525 | D:4      | Reached *** piety under Uskayaw
  2526 | D:4      | Killed a phantom
  2526 | D:4      | Reached skill level 5 in Fighting
  2526 | D:4      | Reached skill level 4 in Maces & Flails
  2526 | D:4      | Reached XP level 5. HP: 30/35 MP: 5/5
  2555 | D:4      | Reached XP level 6. HP: 35/40 MP: 6/6
  2689 | D:4      | Reached skill level 5 in Maces & Flails
  3396 | D:4      | Found a radiant altar of Vehumet.
  3399 | D:4      | Found a white marble altar of Elyvilon.
  3402 | D:4      | Found a glowing silver altar of Zin.
  3473 | D:5      | Entered Level 5 of the Dungeon
  3490 | D:5      | Noticed a water moccasin
  3513 | D:5      | Reached **** piety under Uskayaw
  3520 | D:5      | Killed a water moccasin
  3520 | D:5      | Reached skill level 1 in Invocations
  3520 | D:5      | Reached XP level 7. HP: 21/45 MP: 3/8
  3748 | D:5      | Reached skill level 6 in Maces & Flails
  3793 | D:5      | Noticed Blork the orc
  3803 | D:5      | Killed Blork the orc
  3960 | D:5      | Reached XP level 8. HP: 52/52 MP: 8/10
  4295 | D:5      | Reached skill level 7 in Maces & Flails
  4676 | D:5      | Noticed Grinder
  4696 | D:5      | Paralysed by Grinder for 2 turns
  4699 | D:5      | Killed Grinder
  4993 | D:6      | Reached skill level 8 in Maces & Flails
  5311 | D:6      | Found Ibbygas's Book Boutique.
  5588 | D:7      | Reached XP level 9. HP: 9/57 MP: 12/12
  5589 | D:7      | Killed from afar by an orc priest

Vault maps used:
D:1:      lemuel_arrival_room
D:2:      first_bread
D:3:      minmay_door_path, overflow_temple_1_default
D:4:      grunt_temple_overflow_diamond, portal_sewer_entry_d
D:5:      uniq_blork_the_orc, uniq_grinder
D:6:      serial_shops, nicolae_shop_trees, grunt_decor_clamped
D:7:      xom_confusion_cloud, nicolae_dithmenos_the_darkroom,
          old_standard_altar, lemuel_temple_firewalk_a, basic_altar

Skill      XL: |  1  2  3  4  5  6  7  8 |
---------------+-------------------------+-----
Fighting       | 4 5 6 7 |  7.4
Maces & Flails | 3 4 5 6 8 |  8.6
Invocations    | 1 2 4 |  4.6
Armour         | |  3.2
Shields        | |  3.2

Action                   |  1- 3 |  4- 6 |  7- 9 || total
-------------------------+-------+-------+-------++-------
Melee: Flail             |    20 |       |       ||    20
       Whip              |    70 |   200 |   244 ||   514
Invok: Stomp             |       |     1 |     2 ||     3
 Abil: Evoke Berserk Rag |       |       |     1 ||     1
  Use: Scroll            |     1 |     2 |     2 ||     5
       Potion            |       |       |     2 ||     2
 Stab: Paralysed         |       |     2 |     7 ||     9
  Eat: Chunk             |     2 |     6 |     3 ||    11
       Meat ration       |       |       |     1 ||     1
       Fruit             |       |       |     1 ||     1
Armor: Scale mail        |    39 |    81 |    85 ||   205
Dodge: Dodged            |    18 |    41 |    51 ||   110
Block: Shield            |    42 |    81 |    92 ||   215
